 Dungeon Sprint DCSS version 0.17.1-3-g152610e (webtiles) character file.

1021 Symetrie the Earth Mage (level 8, -4/41 HPs)
             Began as a Gargoyle Earth Elementalist on Mar 17, 2016.
             Was an Initiate of Vehumet.
             Slain by a yak (12 damage)
             ... in the Dungeon (Sprint I: "Red Sonja").
             The game lasted 00:03:44 (614 turns).

Symetrie the Earth Mage (GrEE)                       Turns: 614, Time: 00:03:44

Health: -4/41      AC: 10    Str: 13    XL:     8   Next: 22%
Magic:  1/12       EV: 12    Int: 17    God:    Vehumet [......]
Gold:   405        SH:  0    Dex: 10    Spells: 4 memorised, 3 levels left

rFire  . . .     SeeInvis .     k - +0 mace
rCold  . . .     Clarity  .     a - +0 robe
rNeg   + . .     SustAt   .     (no shield)
rPois  ∞         Gourm    .     (no helmet)
rElec  +         Spirit   .     (no cloak)
rCorr  .         Warding  .     (no gloves)
rMut   .         NoTele   +     (no boots)
MR     .....                    (no amulet)
Stlth  ++........               (no ring)
                                (no ring)

@: stone skin, very slightly contaminated, not resistant to hostile
enchantments, unstealthy
A: negative energy resistance 1, electricity resistance, unbreathing,
petrification resistance, rot immunity, AC +5
a: Renounce Religion


You were in the Dungeon.
You worshipped Vehumet.
Vehumet was noncommittal.
You were not hungry.

You visited 1 branch You collected 405 gold pieces.

Inventory:

Hand Weapons
 b - a +0 dagger
 k - a +0 mace (weapon)
Armour
 a - a +0 robe (worn)
Scrolls
 j - a scroll of blinking
Potions
 e - a potion of curing
 f - 2 potions of heal wounds
 g - a potion of haste
 h - 2 potions of magic
 i - a potion of resistance {unknown}
Books
 c - a book of Geomancy

   Spells                             Type                      Level
   a - Sandblast                      Earth                        1
   b - Stoneskin                      Transmutation/Earth          2
   c - Passwall                       Transmutation/Earth          3
   d - Stone Arrow                    Conjuration/Earth            3
   e - Petrify                        Transmutation/Earth          4
   f - Lee's Rapid Deconstruction     Earth                        5
Comestibles
 d - a bread ration


   Skills:
 - Level 0.2 Fighting
 - Level 2.4 Dodging
 - Level 3.1 Stealth
 - Level 1.0 Unarmed Combat
 - Level 2.8 Spellcasting
 - Level 0.7 Transmutations
 + Level 18.8 Earth Magic


You had 3 spell levels left.
You knew the following spells:

 Your Spells              Type           Power        Failure   Level  Hunger
a - Sandblast             Erth           ######       0%          1    #......
b - Stoneskin             Trmt/Erth      #####...     1%          2    ##.....
c - Passwall              Trmt/Erth      #####.....   1%          3    ###....
d - Stone Arrow           Conj/Erth      ####..       1%          3    ###....


Dungeon Overview and Level Annotations

Branches:
Dungeon (1/1)

Altars:
Cheibriados
Dithmenos
Elyvilon
Fedhas
Gozag
Kikubaaqudgha
Makhleb
Nemelex Xobeh
Okawaru
Qazlal
Ru
Sif Muna
Vehumet
Xom
Yredelemnul
Jiyva

Shops:
D ?


Innate Abilities, Weirdness & Mutations

You are resistant to torment.
Your stone body is resilient (AC +5).
You are immune to poison.
You resist negative energy.
You are resistant to electric shocks.
You can survive without breathing.
You are immune to petrification.
You are immune to rotting.


Message History

Aim: a yak (heavily wounded)
The blast of sand hits the yak.
The yak is severely wounded.
The yak gores you!
* * * LOW HITPOINT WARNING * * *
Casting: Sandblast
Confirm with . or Enter, or press ? or * to list all spells.
Aiming: Sandblast
Press: ? - help, Shift-Dir - straight line, f/p - yak
Aim: a yak (severely wounded)
The blast of sand hits the yak.
The yak is severely wounded.
The yak gores you but does no damage.
Casting: Sandblast
Confirm with . or Enter, or press ? or * to list all spells.
Okay, then.
Casting: Sandblast
Confirm with . or Enter, or press ? or * to list all spells.
Your skin hardens.
The yak gores you!
You die...

##########################
#<.#..)..#..'..#__#.)[...#
#..'..#..').#..'..'..#...#
#..#####'#####'#__####...+
#..# #..#...#.#### #####
#..# _####..##.# #..#
..__##'#@.+
#⌠⌠#_.∩...'.Y._#
####_..._##_.#+#


____ ##+# ### You could see a yak.

Vanquished Creatures
  2 kobold demonologists (D)
  A slime creature (D)
  Sigmund (D)
  An ogre (D)
  A jelly (D)
  Ijyb (D)
  A giant eyeball (D)
8 creatures vanquished.

Notes
Turn   | Place    | Note
--------------------------------------------------------------
     0 | D        | Symetrie the Gargoyle Earth Elementalist began the quest for the Orb.
     0 | D        | Reached XP level 1. HP: 10/10 MP: 3/3
     1 | D        | Noticed Ijyb
    28 | D        | Killed Ijyb
    28 | D        | Reached skill level 1 in Unarmed Combat
    28 | D        | Reached skill level 6 in Earth Magic
    28 | D        | Reached XP level 2. HP: 8/15 MP: 0/5
    28 | D        | Reached XP level 3. HP: 10/19 MP: 0/7
   202 | D        | Noticed an ogre
   206 | D        | Killed an ogre
   206 | D        | Reached skill level 10 in Earth Magic
   206 | D        | Reached XP level 4. HP: 24/24 MP: 3/8
   206 | D        | Reached XP level 5. HP: 28/28 MP: 3/9
   259 | D        | Noticed Sigmund
   262 | D        | Killed Sigmund
   262 | D        | Reached skill level 13 in Earth Magic
   262 | D        | Reached XP level 6. HP: 32/32 MP: 6/10
   277 | D        | Found a snail-covered altar of Cheibriados.
   277 | D        | Found a viscous altar of Jiyva.
   277 | D        | Found a shadowy altar of Dithmenos.
   277 | D        | Found a blossoming altar of Fedhas.
   277 | D        | Noticed a slime creature
   282 | D        | Killed a slime creature
   282 | D        | Reached skill level 16 in Earth Magic
   282 | D        | Reached XP level 7. HP: 19/36 MP: 3/11
   286 | D        | Learned a level 2 spell: Stoneskin
   290 | D        | Learned a level 3 spell: Passwall
   294 | D        | Learned a level 3 spell: Stone Arrow
   436 | D        | Noticed a kobold demonologist
   437 | D        | Noticed a kobold demonologist
   439 | D        | Noticed an orange demon
   440 | D        | Paralysed by a giant eyeball for 4 turns
   445 | D        | Killed a kobold demonologist
   445 | D        | Reached skill level 17 in Earth Magic
   447 | D        | Paralysed by a giant eyeball for 2 turns
   451 | D        | Killed a kobold demonologist
   451 | D        | Reached skill level 18 in Earth Magic
   451 | D        | Reached XP level 8. HP: 35/41 MP: 4/12
   539 | D        | Found a deep blue altar of Sif Muna.
   539 | D        | Noticed a jelly
   541 | D        | Found a radiant altar of Vehumet.
   545 | D        | Killed a jelly
   548 | D        | Became a worshipper of Vehumet
   603 | D        | Found Datuymuc's Magic Scroll Emporium.
   603 | D        | Found a white marble altar of Elyvilon.
   603 | D        | Found a stormy altar of Qazlal.
   603 | D        | Found a basalt altar of Yredelemnul.
   603 | D        | Found an iron altar of Okawaru.
   603 | D        | Found a sparkling altar of Nemelex Xobeh.
   603 | D        | Found a shimmering altar of Xom.
   603 | D        | Found an ancient bone altar of Kikubaaqudgha.
   603 | D        | Noticed a yak
   607 | D        | Found a burning altar of Makhleb.
   607 | D        | Found a sacrificial altar of Ru.
   607 | D        | Found an opulent altar of Gozag.
   614 | D        | Slain by a yak

Action                   |  1- 3 |  4- 6 |  7- 9 || total
-------------------------+-------+-------+-------++-------
Melee: Unarmed           |    21 |       |     6 ||    27
       Mace              |       |       |     3 ||     3
 Cast: Sandblast         |     6 |     8 |    13 ||    27
       Stone Arrow       |       |       |     3 ||     3
       Stoneskin         |       |       |     1 ||     1
  Use: Potion            |     1 |       |       ||     1
